 Dungeon Crawl Stone Soup version 0.19-a0-1457-g32fba05 (webtiles) character file.

45766 poirepourri the Unseen (level 14, 0/70 HPs)
             Began as a Spriggan Enchanter on Sept 6, 2016.
             Was a High Priest of Dithmenos.
             Slain by a spriggan rider
             ... wielding a +0 spear
              (28 damage)
             ... on level 6 of the Lair of Beasts.
             The game lasted 00:54:26 (28915 turns).

poirepourri the Unseen (Spriggan Enchanter)        Turns: 28915, Time: 00:54:27

Health: 0/70       AC:  6    Str:  4    XL:     14   Next: 2%
Magic:  10/32      EV: 29    Int: 19    God:    Dithmenos [*****.]
Gold:   1135       SH:  5    Dex: 19    Spells: 6 memorised, 25 levels left

rFire  . . .     SeeInvis +     B - +3 rapier (drain)
rCold  . . .     Gourm    .     b - +1 robe
rNeg   . . .     Faith    .     (shield restricted)
rPois  +         Spirit   .     (helmet restricted)
rElec  .         Dismiss  .     f - +2 cloak
rCorr  .         Reflect  +     (gloves unavailable)
MR     ++...     Harm     .     (boots unavailable)
Stlth  ++++++++++               S - +5 amulet of reflection
                                z - ring of wizardry
                                n - ring of poison resistance

@: about to teleport, wreathed by umbra, very quick
A: unfitting armour, see invisible, herbivore 3, speed 3, slow metabolism 2
a: Shadow Step, Shadow Form, Renounce Religion


You were on level 6 of the Lair of Beasts.
You worshipped Dithmenos.
Dithmenos was extremely pleased with you.
You were completely stuffed.

You visited 3 branches of the dungeon, and saw 18 of its levels.

You collected 1135 gold pieces.

Inventory:

Hand Weapons
 a - a +2 dagger
 B - a +3 rapier of draining (weapon)
Missiles
 h - 331 stones (quivered)
 y - 64 poisoned needles
 E - 26 tomahawks
Armour
 b - a +1 robe (worn)
 f - a +2 cloak (worn)
 k - a cursed +0 buckler
Jewellery
 n - a ring of poison resistance (left hand)
 x - an uncursed ring of resist corrosion
 z - a ring of wizardry (right hand)
 D - an uncursed ring of flight
 S - a +5 amulet of reflection (around neck)
 U - an uncursed amulet of dismissal {unknown}
Wands
 j - a wand of iceblast (3/15)
 l - a wand of paralysis (11/24)
 H - a wand of lightning (9/15)
 J - a wand of lightning (5/15)
 L - a wand of paralysis (4/24)
 N - a wand of lightning (4/15)
 Q - a wand of polymorph (16/24)
 R - a wand of digging (10/24)
 T - a wand of disintegration (19/24)
 X - a wand of confusion (18/48)
 Y - a wand of slowing (39/48)
Scrolls
 e - 6 scrolls of teleportation
 s - 4 scrolls of recharging
 u - 6 scrolls of remove curse
 v - 2 scrolls of fear
 I - a scroll of fog
 M - 4 scrolls of identify
 V - a scroll of immolation {unknown}
 W - a scroll of holy word {unknown}
Potions
 g - 4 potions of lignification
 i - 2 potions of curing
 m - 5 potions of flight
 p - 3 potions of invisibility
 r - 2 potions of mutation
 t - a potion of might
 A - 3 potions of resistance
 C - a potion of magic
 F - 4 potions of brilliance
 G - 4 potions of haste
 O - a potion of cure mutation
Books
 c - a book of Maledictions

   Spells                             Type                      Level
   a - Corona                         Hexes                        1
   b - Ensorcelled Hibernation        Hexes/Ice                    2
   c - Confuse                        Hexes                        3
   d - Tukima's Dance                 Hexes                        3
   e - Dazzling Spray                 Conjuration/Hexes            3
 q - a book of Battle

   Spells                             Type                      Level
   a - Infusion                       Charms                       1
   b - Shroud of Golubria             Charms/Translocation         2
   c - Song of Slaying                Charms                       2
   d - Spectral Weapon                Hexes/Charms                 3
   e - Regeneration                   Charms/Necromancy            3
 w - a book of Geomancy

   Spells                             Type                      Level
   a - Sandblast                      Earth                        1
   b - Passwall                       Transmutation/Earth          2
   c - Stone Arrow                    Conjuration/Earth            3
   d - Petrify                        Transmutation/Earth          4
   e - Lee's Rapid Deconstruction     Earth                        5
 K - a Necronomicon

   Spells                             Type                      Level
   a - Haunt                          Necromancy/Summoning         7
   b - Borgnjor's Revivification      Necromancy                   8
   c - Death's Door                   Charms/Necromancy            8
   d - Infestation                    Necromancy                   8
   e - Necromutation                  Transmutation/Necromancy     8
 P - a book of Annihilations

   Spells                             Type                      Level
   a - Poison Arrow                   Conjuration/Poison           6
   b - Chain Lightning                Conjuration/Air              8
   c - Lehudib's Crystal Spear        Conjuration/Earth            8
   d - Glaciate                       Conjuration/Ice              9
   e - Fire Storm                     Conjuration/Fire             9
Comestibles
 d - 11 bread rations
 o - 17 fruits


   Skills:
 - Level 6.0 Fighting
 + Level 8.5 Short Blades
 + Level 11.7 Dodging
 - Level 19.0 Stealth
 - Level 0.1 Shields
 + Level 13.7 Spellcasting
 * Level 2.1 Conjurations
 + Level 12.7 Hexes
 - Level 2.4 Ice Magic


You had 25 spell levels left.
You knew the following spells:

 Your Spells              Type           Power        Failure   Level  Hunger
a - Corona                Hex            ######.      1%          1    None
b - Ensorcelled Hibernat  Hex/Ice        #####.       1%          2    None
c - Confuse               Hex            ######..     1%          3    None
d - Tukima's Dance        Hex            ######..     1%          3    None
e - Dazzling Spray        Conj/Hex       #####.       1%          3    None
f - Spectral Weapon       Hex/Chrm       #####...     1%          3    None


Dungeon Overview and Level Annotations

Branches:
Dungeon (11/15)            Temple (1/1) D:7            Lair (6/6) D:10
 Shoals (0/4) Lair:2        Snake (0/4) Lair:3        Slime (0/5) Lair:5
    Orc: D:9-12

Altars:
Ashenzari
Cheibriados
Dithmenos
Elyvilon
Fedhas
Gozag
Hepliaklqana
Kikubaaqudgha
Makhleb
Nemelex Xobeh
Okawaru
Qazlal
Ru
Sif Muna
Trog
Uskayaw
Vehumet
Xom
Yredelemnul
Zin
The Shining One
Jiyva

Annotations:
D:4 Edmund
D:6 flowsnake's ghost, novice HOFi
D:10 Gastronok


Innate Abilities, Weirdness & Mutations

You are tiny and cannot use many weapons and most armour.
You have supernaturally acute eyesight. (SInv)
You are a herbivore.
You cover ground extremely quickly.
You need consume almost no food.


Message History

Press: ? - help, Shift-Dir - straight line, f/p - spriggan rider
Aim: a spriggan rider, wielding a spear (umbra, chance to defeat MR: 8%)
The spriggan rider resists with almost no effort.
Your shadow mimicks your spell!
The spriggan rider resists with almost no effort.
The spriggan rider hits you from afar with a spear!
* * * LOW HITPOINT WARNING * * *
Casting: Ensorcelled Hibernation
Confirm with . or Enter, or press ? or * to list all spells.
Aiming: Ensorcelled Hibernation
Press: ? - help, Shift-Dir - straight line, f/p - spriggan rider
Aim: a spriggan rider, wielding a spear (umbra, chance to defeat MR: 8%)
The spriggan rider resists with almost no effort.
The spriggan rider hits you from afar with a spear.
* * * LOW HITPOINT WARNING * * *
You feel better. You block the spriggan rider's attack.
As you read the scroll of teleportation, it crumbles to dust.
You feel strangely unstable.
The spriggan rider hits you from afar with a spear!!
You die...

##.....♣ ♣♣[.♣♣♣♣♣♣♣..).
#P....♣♣ ♣....[...♣♣.h..
#.....♣ ♣....[...♣♣)...
##....♣♣♣ ♣♣...♣....♣♣.h..
##......♣♣♣...♣♣♣...♣♣♣..♣
#.........♣..♣♣ ♣..♣♣♣♣..♣
#.....♣i....♣♣ ♣♣♣♣ ♣..♣♣
###♣#♣♣.....♣♣ ♣♣♣♣..♣
♣♣♣@...♣♣♣♣♣♣...♣♣♣
♣♣♣....♣♣...†♣♣
♣♣♣....†..♣♣ ♣♣♣♣♣♣♣♣♣


You could see a spriggan rider.

Vanquished Creatures
  Snorg (Lair:4)
  Josephine (D:10)
  3 hydras
  A hill giant (D:10)
  An unseen horror (D:10)
  A griffon (Lair:2)
  A faun (Lair:2)
  A manticore (Lair:2)
  4 black mambas
  17 elephants
  10 spiny frogs
  3 rime drakes
  8 komodo dragons
  8 polar bears
  6 dream sheep
  8 blink frogs
  A boulder beetle (Lair:6)
  11 spriggans
  2 wyverns
  4 wraiths
  47 yaks
  2 hungry ghosts (D:9)
  A basilisk (Lair:2)
  5 hippogriffs
  A steam dragon (D:9)
  2 wargs
  A naga (Lair:3)
  17 water moccasins
  8 porcupines
  2 ice beasts
  An eye of draining (D:9)
  2 wasps (Lair:6)
  6 orc warriors
  2 phantoms (D:10)
  10 black bears
  38 wolves
  2 ogres
  3 boggarts (Lair:6)
  2 centaurs
  13 crocodiles
  2 big kobolds
  A gnoll sergeant (D:9)
  8 giant frogs
  A wyvern zombie (D:8)
  4 scorpions
  9 wights
  A howler monkey (D:7)
  5 crimson imps
  A giant frog zombie (D:8)
  A centaur zombie (D:5)
  4 hounds
  3 jellies
  A centaur skeleton (D:7)
  A giant frog skeleton (D:7)
  5 orc priests
  Crazy Yiuf (D:2)
  9 orc wizards
  5 iguanas
  3 worker ants
  A worker ant zombie (D:5)
  8 gnolls
  9 adders
  39 river rats
  2 shadow imps (D:9)
  An adder skeleton (D:5)
  An adder zombie (D:9)
  A worm (D:3)
  A dart slug (D:2)
  6 giant geckos
  35 orcs
  9 bats
  3 giant cockroaches
  9 goblins
  10 hobgoblins
  9 jackals
  6 quokkas
  A giant cockroach zombie (D:6)
  4 giant newts
  A jackal zombie (D:9)
  5 kobolds
  2 quokka zombies
  13 rats
  A plant (Lair:4)
499 creatures vanquished.

Vanquished Creatures (collateral kills)
  A wight (D:10)
  3 orcs (D:10)
4 creatures vanquished.

Vanquished Creatures (others)
  3 dancing weapons (D:10)
  An orc (D:10)
  3 fungi
  9 plants
16 creatures vanquished.

Grand Total: 519 creatures vanquished

Notes
Turn   | Place    | Note
-------+----------+-------------------------------------------
     0 | D:1      | poirepourri the Spriggan Enchanter began the quest for the Orb.
     0 | D:1      | Reached XP level 1. HP: 9/9 MP: 5/5
   438 | D:1      | Reached XP level 2. HP: 12/13 MP: 4/6
   451 | D:1      | Learned a level 2 spell: Ensorcelled Hibernation
  1288 | D:2      | Found an ancient bone altar of Kikubaaqudgha.
  1289 | D:2      | Found a blossoming altar of Fedhas.
  1320 | D:2      | Reached XP level 3. HP: 16/16 MP: 3/8
  1657 | D:2      | Reached skill level 5 in Stealth
  2044 | D:2      | Found a deep blue altar of Sif Muna.
  2389 | D:2      | Found a runed door.
  2785 | D:2      | Noticed Crazy Yiuf
  2789 | D:2      | Killed Crazy Yiuf
  2789 | D:2      | Reached skill level 1 in Ice Magic
  2789 | D:2      | Reached XP level 4. HP: 21/21 MP: 8/10
  3102 | D:3      | Learned a level 3 spell: Confuse
  3106 | D:3      | Learned a level 3 spell: Tukima's Dance
  3223 | D:3      | Reached skill level 6 in Stealth
  3829 | D:3      | Reached XP level 5. HP: 24/24 MP: 4/11
  4370 | D:4      | Noticed Edmund
  4945 | D:4      | Reached XP level 6. HP: 28/28 MP: 10/13
  5582 | D:4      | Noticed an orc warrior
  5625 | D:4      | Killed an orc warrior
  5625 | D:4      | Reached skill level 7 in Stealth
  6239 | D:4      | Reached skill level 5 in Spellcasting
  6239 | D:4      | Reached skill level 5 in Hexes
  6287 | D:5      | Entered Level 5 of the Dungeon
  6287 | D:5      | Found a hide-covered altar of Uskayaw.
  6420 | D:5      | Reached XP level 7. HP: 29/32 MP: 7/15
  6705 | D:5      | Found a basalt altar of Yredelemnul.
  6717 | D:5      | Found a glowing golden altar of the Shining One.
  6720 | D:5      | Found a sparkling altar of Nemelex Xobeh.
  6801 | D:5      | Found a radiant altar of Vehumet.
  7364 | D:6      | Found a burning altar of Makhleb.
  7416 | D:6      | Found a sacrificial altar of Ru.
  8410 | D:6      | Noticed flowsnake's ghost (novice HOFi)
  8780 | D:7      | Reached skill level 8 in Stealth
  8990 | D:7      | Found a staircase to the Ecumenical Temple.
  9022 | Temple   | Entered the Ecumenical Temple
  9276 | D:7      | Noticed a hippogriff
  9284 | D:7      | Killed a hippogriff
  9363 | D:7      | Reached skill level 9 in Stealth
  9471 | D:7      | Noticed a spriggan baker
  9472 | D:7      | Killed a spriggan baker
  9472 | D:7      | Reached XP level 8. HP: 36/36 MP: 18/18
  9697 | D:8      | Reached skill level 10 in Stealth
 10803 | D:8      | Found a shadowy altar of Dithmenos.
 10845 | D:8      | Reached skill level 5 in Dodging
 11008 | D:8      | Found a snail-covered altar of Cheibriados.
 11693 | D:8      | Became a worshipper of Dithmenos the Shadowed
 11752 | D:9      | Found a sacrificial altar of Ru.
 11904 | D:9      | Reached skill level 11 in Stealth
 12235 | D:9      | Reached XP level 9. HP: 40/40 MP: 17/21
 12609 | D:9      | Learned a level 3 spell: Dazzling Spray
 12676 | D:9      | Reached * piety under Dithmenos
 12905 | D:10     | Entered Level 10 of the Dungeon
 12927 | D:10     | Noticed Josephine
 13207 | D:9      | Reached skill level 12 in Stealth
 13923 | D:9      | Reached skill level 1 in Fighting
 14677 | D:9      | Reached XP level 10. HP: 21/45 MP: 3/24
 15148 | D:10     | Reached skill level 13 in Stealth
 15247 | D:10     | Killed Josephine
 15247 | D:10     | Reached skill level 10 in Spellcasting
 15481 | D:10     | Reached skill level 14 in Stealth
 15623 | D:10     | Reached ** piety under Dithmenos
 15888 | D:10     | Found a staircase to the Lair.
 15956 | D:10     | Noticed a hill giant
 16313 | D:10     | Killed a hill giant
 16325 | D:10     | Noticed an unseen horror
 16340 | D:10     | Killed an unseen horror
 16739 | D:9      | Identified a scroll of acquirement
 16760 | D:9      | Learned a level 3 spell: Spectral Weapon
 16847 | D:9      | Reached XP level 11. HP: 20/49 MP: 19/26
 17455 | D:10     | Reached skill level 10 in Hexes
 17621 | D:10     | Noticed Gastronok
 17647 | D:11     | Noticed a hill giant
 19096 | Lair:1   | Entered Level 1 of the Lair of Beasts
 19209 | Lair:1   | Reached *** piety under Dithmenos
 19300 | Lair:1   | Reached skill level 15 in Stealth
 20271 | Lair:2   | Found a staircase to the Shoals.
 20300 | Lair:2   | Noticed a griffon
 20329 | Lair:2   | Killed a griffon
 20643 | Lair:2   | Reached skill level 5 in Short Blades
 20694 | Lair:2   | Noticed a six-headed hydra
 20698 | Lair:2   | HP: 2/52 [six-headed hydra (13)]
 20805 | Lair:2   | Killed a six-headed hydra
 20805 | Lair:2   | Reached skill level 16 in Stealth
 21026 | Lair:2   | Reached XP level 12. HP: 26/56 MP: 20/28
 21313 | Lair:2   | Reached skill level 10 in Dodging
 21332 | Lair:2   | Reached **** piety under Dithmenos
 22598 | Lair:2   | Reached skill level 17 in Stealth
 23376 | Lair:3   | Found a staircase to the Snake Pit.
 23586 | Lair:3   | Noticed a four-headed hydra
 23595 | Lair:3   | Killed a four-headed hydra
 23595 | Lair:3   | Reached skill level 5 in Fighting
 24421 | Lair:4   | Reached XP level 13. HP: 59/63 MP: 21/30
 24510 | Lair:4   | Noticed Snorg
 24517 | Lair:4   | Killed Snorg
 24517 | Lair:4   | Reached skill level 18 in Stealth
 25673 | Lair:5   | Found a viscous altar of Jiyva.
 25673 | Lair:5   | Found a staircase to the Slime Pits.
 26098 | Lair:6   | Entered Level 6 of the Lair of Beasts
 26297 | Lair:6   | Reached ***** piety under Dithmenos
 26889 | Lair:6   | Reached skill level 19 in Stealth
 26928 | Lair:5   | Reached skill level 1 in Conjurations
 27391 | Lair:5   | You fall through a shaft!
 28633 | Lair:6   | Reached XP level 14. HP: 54/70 MP: 27/32
 28915 | Lair:6   | Slain by a spriggan rider

Vault maps used:
D:1:      lemuel_arrival_funnel, grunt_decor_mini_mirrors
D:2:      grunt_temple_overflow_growth_and_decay, lemuel_doored_altar,
          first_bread, uniq_crazy_yiuf_cottage
D:4:      uniq_edmund
D:5:      old_standard_altar, grunt_temple_overflow_cloverleaf,
          nrook_pool_corridor, hangedman_abyss_or_decor_jellyfish_corner
D:6:      nicolae_whirlpool, lightli_temple_of_fire, basic_altar
D:7:      hangedman_abyss_or_decor_stabs, nrook_loot_triangle, the_bakery
D:8:      kennysheep_mini, marbit_many_paths
D:9:      nicolae_overflow_crystal_walls
D:10:     erik_lair_orcish_takeover, minivault_5, uniq_josephine, uniq_gastronok
D:11:     statue_in_the_mist_lemuel, serial_bayou_pond_c
Temple:   jpeg_temple_island
Lair:1:   serial_forest, infiniplex_forest_zigzag_2,
          infiniplex_forest_clump_small, infiniplex_forest_lined_corner,
          infiniplex_forest_clump_tiny, infiniplex_forest_clump_diagonal,
          infiniplex_forest_lined_3, lemuel_old_faithful, serial_bayou_shore_a
Lair:2:   beast_lair_carwin_large_3, minmay_shoals_entry_beasts,
          serial_bayou_pond_e, grunt_forest_large_clearings
Lair:3:   guppyfry_snake_entry_garden, grunt_megastairs_4
Lair:4:   hibernation_bobbens, uniq_snorg
Lair:5:   dpeg_slime_entry_enclosed_altar
Lair:6:   minmay_lair_end_enchanted_forest, grunt_megastairs_1

Skill      XL: |  1  2  3  4  5  6  7  8  9 10 11 12 13 |
---------------+----------------------------------------+-----
Spellcasting   | 3 4 5 6 7 9 10 11 12 13 | 13.7
Hexes          | 4 5 6 8 9 11 12 | 12.7
Stealth        | 5 6 7 9 11 12 14 16 17 19 | 19.0
Ice Magic      | 1 2 |  2.4
Dodging        | 4 6 7 9 10 11 | 11.7
Short Blades   | 2 3 5 7 8 |  8.5
Fighting       | 1 3 5 6 |  6.0
Conjurations   | 2 |  2.1
Shields        | |  0.1

Action                   |  1- 3 |  4- 6 |  7- 9 | 10-12 | 13-15 || total
-------------------------+-------+-------+-------+-------+-------++-------
Melee: Dagger            |    95 |    90 |   324 |   156 |       ||   665
       Rapier            |       |       |       |   266 |   396 ||   662
Throw: Stone             |       |     1 |       |       |       ||     1
 Cast: Corona            |    12 |    12 |     3 |     2 |     3 ||    32
       Ensorcelled Hiber |    29 |    65 |    90 |   251 |   159 ||   594
       Confuse           |       |     2 |    46 |    39 |    17 ||   104
       Tukima's Dance    |       |       |       |    18 |       ||    18
Invok: Shadow Step       |       |       |       |       |     1 ||     1
  Use: Scroll            |     7 |     3 |     8 |    15 |     5 ||    38
       Potion            |       |       |     7 |     4 |     5 ||    16
 Stab: Sleeping          |    33 |    41 |    57 |   143 |   116 ||   390
       Confused          |       |     2 |    23 |    19 |     7 ||    51
       Distracted        |       |       |     1 |     4 |     3 ||     8
  Eat: Bread ration      |     1 |       |       |     1 |     2 ||     4
       Pizza             |       |     1 |     1 |     1 |       ||     3
       Fruit             |       |       |    11 |     2 |       ||    13
Armor: Robe              |    25 |    15 |    29 |    22 |    21 ||   112
Dodge: Dodged            |    97 |    77 |   272 |   470 |   491 ||  1407
Block: Other             |       |       |       |       |    58 ||    58
